AoeStats
← Action Cat

Arabia

510451609Analyzed
1v1 RM · 1d ago on Oct 1, 2026· 31m 15s· 2 players
Game mode
Random Map
Map size
Tiny (2 player)
Population
200
Speed
Normal
Resources
Standard
Victory
Conquest
Starting age
Dark Age
Ending age
Imperial Age
RankedLock teamsTeams togetherTeam positionsShared explorationLock speedFull tech treeHidden civsTurbo modeCheats
Victory
Defeat
🇬🇷 Malians · Greece
1027
+17
🇺🇸 Japanese · United States
1046
-17
Dr. Hawamagun Amis-Yu
8:05 Loom
10:22 Feudal Age
12:07 Double-Bit Axe
13:04 Horse Collar
16:57 Fletching
25:01 Castle Age
24:08 Padded Archer Armor
25:11 Crossbowman
25:57 Thumb Ring
25:52 Bodkin Arrow
27:48 Wheelbarrow
26:58 Town Watch
28:45 Bow Saw
29:52 Leather Archer Armor
29:44 Scale Barding Armor
29:11 Elite Skirmisher
30:58 Bloodlines
30:55 Husbandry
Action Cat
4:43 Loom
10:05 Feudal Age
10:33 Man-at-Arms
11:51 Arson
22:47 Castle Age
21:00 Fletching
22:02 Padded Archer Armor
24:56 Forging
26:26 Elite Skirmisher
26:26 Crossbowman
28:15 Wheelbarrow
29:19 Double-Bit Axe
31:22 Horse Collar
Connection lost

Rejoining the realm…

Still unreachable

The connection could not be restored.

Session expired

The server has moved on; the page needs a fresh start.